 Dungeon Crawl Stone Soup version 0.32-a0-433-g08bcfe7efd (webtiles) character file.

Game seed: 11984829644643517901

1919 IdlyInterested the Fighter (level 8, 0/74 HPs)
             Began as a Demonspawn Fighter on Feb 22, 2024.
             Succumbed to a killer bee's poison
             ... on level 6 of the Dungeon.
             The game lasted 00:21:36 (4436 turns).

IdlyInterested the Fighter (Demonspawn Fighter)     Turns: 4436, Time: 00:21:36

Health: 0/74       AC: 12    Str: 22      XL:     8   Next: 95%
Magic:  8/8        EV:  6    Int: 10      God:
Gold:   317        SH:  8    Dex: 11 (14) Spells: 7/7 levels left

rFire   + . .        f - +2 halberd (freeze)
rCold   + . .        (shield currently unavailable)
rNeg    . . .        L - +0 plate armour
rPois   .            (no helmet)
rElec   .            i - scarf {rC+ rF+}
rCorr   .            H - +0 pair of gloves
SInv    .            (no boots)
Will    .....        t - amulet of regeneration Stlth
                     r - +6 ring of strength
HPRegen 1.12/turn    (no ring)
MPRegen 0.11/turn

%: no passive effects
@: lethally poisoned (0 -> -18)
A: large bone plates 1, condensation shield, weakness stinger 2
a: no special abilities


You were on level 6 of the Dungeon.
You visited 2 branches of the dungeon, and saw 7 of its levels.
You also visited: Ossuary.

You collected 317 gold pieces.

Inventory:

Hand Weapons
 d - a +0 dagger
 f - a +2 halberd of freezing (weapon)
 g - a +0 short sword
 p - a +0 spear of freezing
 q - a +0 war axe
 w - a +0 spear
 C - a +0 morningstar
 D - a +1 whip of venom
 T - a +0 long sword
 W - a +3 quarterstaff of chaos
Missiles
 h - 18 stones (quivered)
 s - 10 poisoned darts
 v - 6 atropa-tipped darts
 A - 3 javelins
Armour
 a - a +0 scale mail
 b - a +0 buckler
 i - a scarf of resistance (worn)
 k - a +0 leather armour
 o - a +0 ring mail
 u - a +0 chain mail
 x - an orb of light
 H - a +0 pair of gloves (worn)
 L - a +0 plate armour (worn)
 U - a +2 robe of willpower
 V - a +2 robe of cold resistance
Magical Staves
 S - a staff of cold
Jewellery
 r - a +6 ring of strength (left hand)
 t - an amulet of regeneration (around neck)
Wands
 R - a wand of flame (29)
Scrolls
 j - 4 scrolls of enchant weapon
 n - 4 scrolls of fog
 y - a scroll of summoning
 z - 3 scrolls of amnesia
 B - 2 scrolls of enchant armour
 E - a scroll of fear
 J - 2 scrolls of torment
 O - a scroll of blinking
 P - a scroll of silence {unknown}
Potions
 c - a potion of might
 l - a potion of cancellation
 G - a potion of enlightenment {unknown}
 I - a potion of haste
 K - a potion of lignification
 M - a potion of curing {unknown}
 N - a potion of berserk rage {unknown}


   Skills:
 * Level 10.7 Fighting
 + Level 3.5 Throwing
 - Level 3.0 Armour
 - Level 1.0 Dodging
 - Level 1.0 Stealth
 - Level 3.0 Shields
 - Level 2.0 Unarmed Combat
 - Level 1.0 Evocations
 - Level 1.0 Shapeshifting


You had 7 spell levels left.
You didn't know any spells.
Your spell library contained the following spells:

 Spells                   Type           Power      Damage    Failure   Level
 Hailstorm                Conj/Ice       0%         3d5       100%        3
 Summon Ice Beast         Ice/Summ       0%         N/A       100%        3
 Sculpt Simulacrum        Ice/Alch       0%         N/A       100%        6


Dungeon Overview and Level Annotations

Branches:
Dungeon (6/15)             Temple (1/1) D:4         Ossuary (visited)

Altars:
Ashenzari
Cheibriados
Dithmenos
Fedhas
Gozag
Hepliaklqana
Kikubaaqudgha
Makhleb
Nemelex Xobeh
Okawaru
Qazlal
Ru
Sif Muna
Trog
Uskayaw
Vehumet
Wu Jian
Xom
Yredelemnul

Shops:
D:3 :   D:5 (   D:6 (


Innate Abilities, Weirdness & Mutations

You are partially covered in large bone plates. (SH +4)
A meltable shield of frost defends you. (SH +4)
You have a tail ending in a sharp stinger.


Message History

The killer bee is severely wounded.
The killer bee closely misses you. You block the killer bee's attack.
The killer bee stings you but does no damage.
You miss the killer bee.
The killer bee is severely wounded.
You block the killer bee's attack. The killer bee barely misses you.
The killer bee closely misses you.
You slash the killer bee! You freeze the killer bee.
You kill the killer bee!
The killer bee stings you.
You are poisoned.
The killer bee poisons you! You block the killer bee's attack.
You feel less attractive to monsters.
You barely miss the killer bee.
You feel very sick.
The killer bee stings you but does no damage. x2
The killer bee barely misses you.
You puncture the killer bee! You freeze the killer bee!
You kill the killer bee!
You feel sick. The killer bee stings you!
You are more poisoned.
The killer bee poisons you!
The killer bee stings you but does no damage.
You miss the killer bee.
You feel a little less mighty now.
You feel very sick. The killer bee barely misses you.
You block the killer bee's attack.
The killer bee stings you but does no damage.
You miss the killer bee.
You feel very sick. The killer bee stings you.
* * * LOW HITPOINT WARNING * * *
You are more poisoned.
The killer bee poisons you! The killer bee stings you.
* * * LOW HITPOINT WARNING * * *
You are lethally poisoned!
The killer bee poisons you! The killer bee stings you.
* * * LOW HITPOINT WARNING * * *
You miss the killer bee.
You die...

#.....).....#
##...##.....#
##..)..##....#
#..Yz.†...#....
#..z∩...### ...
#.......# #.
######.y.).##
###...$##zo.####
.......@yyz.....#
##########......#
#####..# ...# ..#
o#


You could see 2 killer bees, 2 wights and an orc.

Vanquished Creatures
  Sigmund (D:5)
  A water moccasin (D:6)
  2 ice beasts (D:5)
  A phantom (D:5)
  A weeping skull (Ossuary)
  Blork the orc (D:5)
  2 scorpions
  2 elf zombies (Ossuary)
  A wight (D:6)
  4 killer bees (D:6)
  A howler monkey (D:5)
  A bombardier beetle (D:4)
  A jelly (D:5)
  4 hounds
  3 centaur zombies (Ossuary)
  A human zombie (Ossuary)
  Crazy Yiuf (D:5)
  A sleepcap (D:5)
  A spectral scorpion (Ossuary)
  An iguana (D:5)
  2 hound zombies (Ossuary)
  4 mummies
  6 gnolls
  5 adders
  2 shadow imps
  7 adder zombies (Ossuary)
  4 dart slugs
  2 ribbon worms
  2 orcs
  9 bats
  13 endoplasms
  3 giant cockroaches
  A gnoll zombie (Ossuary)
  7 goblins
  2 hobgoblins
  3 jackals (D:1)
  6 kobolds
  6 quokkas
  2 ball pythons
  6 ball python zombies (Ossuary)
  5 frilled lizards
  2 jackal zombies (Ossuary)
  5 kobold zombies (Ossuary)
  4 rats
139 creatures vanquished.

Notes
Turn   | Place    | Note
-------+----------+-------------------------------------------
     0 | D:1      | IdlyInterested the Demonspawn Fighter began the quest for
                  | the Orb.
     0 | D:1      | Reached XP level 1. HP: 18/18 MP: 1/1
   155 | D:1      | Gained mutation: You are partially covered in large bone
                  | plates. (SH +4) [demonic ancestry]
   155 | D:1      | Reached XP level 2. HP: 23/24 MP: 2/2
   560 | D:1      | Reached XP level 3. HP: 23/30 MP: 3/3
   959 | D:2      | Reached skill level 4 in Fighting
   959 | D:2      | Reached skill level 1 in Dodging
  1060 | D:2      | Reached XP level 4. HP: 35/38 MP: 4/4
  1620 | D:3      | Reached skill level 5 in Fighting
  1620 | D:3      | Reached skill level 1 in Stealth
  1660 | D:3      | Gained mutation: You have a small tail. [demonic ancestry]
  1660 | D:3      | Reached XP level 5. HP: 36/44 MP: 5/5
  1884 | D:3      | Found Joxump's Book Shoppe.
  2058 | D:4      | Reached skill level 1 in Throwing
  2102 | D:4      | Found a staircase to the Ecumenical Temple.
  2111 | D:4      | Reached skill level 6 in Fighting
  2111 | D:4      | Reached XP level 6. HP: 52/52 MP: 6/6
  2114 | Temple   | Entered the Ecumenical Temple
  2706 | D:5      | Entered Level 5 of the Dungeon
  2748 | D:5      | Noticed an ice beast
  2763 | D:5      | Killed an ice beast
  2764 | D:5      | Reached skill level 7 in Fighting
  2764 | D:5      | Reached skill level 1 in Shapeshifting
  2848 | D:5      | Gained mutation: A meltable shield of frost defends you.
                  | (SH +4) [demonic ancestry]
  2848 | D:5      | Reached XP level 7. HP: 60/60 MP: 7/7
  3017 | D:5      | Found a sand-covered staircase.
  3023 | D:5      | Reached skill level 8 in Fighting
  3026 | Ossuary  | Entered an ossuary
  3164 | Ossuary  | Reached skill level 9 in Fighting
  3180 | Ossuary  | Gained mutation: You have a tail ending in a sharp stinger.
                  | [demonic ancestry]
  3180 | Ossuary  | Reached XP level 8. HP: 66/71 MP: 8/8
  3213 | Ossuary  | Reached skill level 1 in Evocations
  3496 | D:5      | Found a shimmering blue altar of Sif Muna.
  3496 | D:5      | Found a stormy altar of Qazlal.
  3548 | D:5      | Found a runed translucent door.
  3549 | D:5      | Noticed Crazy Yiuf
  3611 | D:5      | Found Tacuruos's Weapon Shop.
  3612 | D:5      | Noticed Blork the orc
  3620 | D:5      | Killed Blork the orc
  3995 | D:5      | Noticed Sigmund
  4026 | D:5      | Killed Sigmund
  4027 | D:5      | Reached skill level 10 in Fighting
  4213 | D:5      | Killed Crazy Yiuf
  4333 | D:6      | Found Xac Kesm's Weapon Shop.
  4436 | D:6      | Succumbed to a killer bee's poison

Illustrated notes

Levels and vault maps discovered:
D:1:      denvon_arrival_waterhouse, layout_basic, serial_bayou_crossing
D:2:      layout_loops_cross
D:3:      layout_rooms, serial_shops, nicolae_shop_crystal, serial_bayou_pond_c,
          chequers_mini_garden, amcnicky_mini_pool_small
D:4:      layout_basic, minmay_temple_entry_butterflies
D:5:      layout_loops_ring, mainiacjoe_overflow_divided_tiny, serial_shops,
          shop, gup_ossuary_entry_pyramid, uniq_sigmund,
          uniq_crazy_yiuf_cottage, uniq_blork_the_orc
D:6:      layout_layer_cave, serial_shops, nicolae_shop_bloodbath_and_beyond,
          ebering_ghost_sewer_d
Temple:   nicolae_temple_slightly_damp_pantheon

Skill      XL: |  1  2  3  4  5  6  7  8 |
---------------+-------------------------+-----
Unarmed Combat | 2 |  2.0
Armour         | 3 |  3.0
Fighting       | 4 5 6 7 9 10 | 10.7
Dodging        | 1 |  1.0
Stealth        | 1 |  1.0
Throwing       | 1 3 |  3.5
Shields        | 3 |  3.0
Shapeshifting  | 1 |  1.0
Evocations     | 1 |  1.0

Action                     |  1- 3 |  4- 6 |  7- 9 || total
---------------------------+-------+-------+-------++-------
  Melee: Unarmed           |   157 |       |       ||   157
         Spear             |       |    66 |       ||    66
         Halberd           |       |    96 |   225 ||   321
         Tailslap          |       |    10 |    34 ||    44
  Throw: Stone             |       |     4 |    23 ||    27
         Javelin           |       |     2 |       ||     2
    Use: Scroll            |     2 |     7 |     1 ||    10
         Potion            |       |       |     7 ||     7
 Armour: Scale mail        |    75 |       |       ||    75
         Chain mail        |       |   124 |    18 ||   142
         Plate armour      |       |       |   228 ||   228
         Skin              |       |       |    11 ||    11
  Dodge: Dodged            |    46 |    70 |    97 ||   213
  Block: Buckler           |    56 |    40 |       ||    96
         Other             |       |    18 |    89 ||   107

Table legend: (Time is in decaauts)
 A = Elapsed time spent in this place.
 B = Non-inter-level travel time spent in this place.
 C = Inter-level travel time spent in this place.
 D = Time resting spent in this place.
 E = Time spent auto-exploring this place.
 F = Levels seen in this place.
 G = Mean time per level.
                   A        B        C        D        E       F      G
               +--------+--------+--------+--------+--------+-----+--------+
         Total |   4595 |   4002 |    593 |    292 |   2276 |   8 |  574.4 |
       Dungeon |   4233 |   3640 |    593 |    279 |   2194 |   6 |  705.5 |
        Temple |      1 |      1 |      0 |      0 |      0 |   1 |    1.0 |
       Ossuary |    360 |    360 |      0 |     13 |     82 |   1 |  360.0 |
               +--------+--------+--------+--------+--------+-----+--------+

Top non-repeatable levels by time:
     D:5: 1369 daAuts
     D:1: 929 daAuts
     D:2: 695 daAuts
     D:4: 663 daAuts
     D:3: 466 daAuts
 Ossuary: 360 daAuts
     D:6: 108 daAuts
  Temple: 1 daAuts
